 Dungeon Crawl Stone Soup version 0.27-a0-899-ge2d0b17c59 (webtiles) character file.

Game seed: 7316282857708378829

34 spiderkeys the Cutter (level 3, -1/24 HPs)
             Began as a Kobold Berserker on Apr 6, 2021.
             Was a Follower of Trog.
             Slain by a goblin
             ... wielding a +0 dagger
             ... led by Robin
              (4 damage)
             ... on level 2 of the Dungeon.
             The game lasted 00:01:02 (1392 turns).

spiderkeys the Cutter (Kobold Berserker)            Turns: 1392, Time: 00:01:03

Health: -1/24      AC:  2    Str: 14    XL:     3   Next: 50%
Magic:  3/3        EV: 15    Int:  8    God:    Trog [*.....]
Gold:   62         SH:  0    Dex: 15    Spells: 2/2 levels left

rFire    . . .     SeeInvis .   a - +0 short sword
rCold    . . .     Faith    .   (shield restricted)
rNeg     . . .     Spirit   .   b - +0 animal skin
rPois    .         Reflect  .   (no helmet)
rElec    .         Harm     .   (no cloak)
rCorr    .         Rampage  .   (no gloves)
Will     .....                  (no boots)
Stlth    +++.......             (no amulet)
HPRegen  0.08/turn              (no ring)
MPRegen  0.08/turn              (no ring)

@: berserk cooldown, slowed, very slow
A: small, no large weapons, nightstalker 3
a: Renounce Religion, Berserk


You were on level 2 of the Dungeon.
You worshipped Trog.
Trog was aware of your devotion.
You visited 1 branch of the dungeon, and saw 2 of its levels.

You collected 62 gold pieces.

Inventory:

Hand Weapons
 a - a +0 short sword (weapon)
Armour
 b - a +0 animal skin (worn)
Jewellery
 g - an amulet of faith
Scrolls
 c - a scroll of fear {unknown}
 f - 2 scrolls of fog {unknown}
Potions
 d - 2 potions of curing {unknown}
 e - a potion of haste {unknown}


   Skills:
 + Level 3.7 Fighting
 + Level 4.4 Short Blades
 - Level 1.5 Armour
 + Level 3.0 Dodging
 + Level 1.9 Stealth


You had 2 spell levels left.
You didn't know any spells.
Your spell library was empty.

Dungeon Overview and Level Annotations

Branches:
Dungeon (2/15)

Altars:

Annotations:
D:2 Robin


Innate Abilities, Weirdness & Mutations

You are small and have problems with some larger weapons.
You are completely attuned to the shadows.


Message History

You barely miss the jackal.
The jackal is almost dead.
You barely miss the jackal.
The jackal is almost dead.
The jackal barely misses you. Robin closely misses you.
The goblin hits you with a +0 club. The hobgoblin closely misses you.
The goblin barely misses you.
You barely miss the jackal.
The jackal is almost dead.
The jackal closely misses you.
You puncture the jackal!
You kill the jackal!
Trog accepts your kill. Robin barely misses you.
The goblin hits you with a +0 club. The goblin hits you with a +0 dagger.
The hobgoblin misses you.
You closely miss the hobgoblin.
Robin roars a battlecry!
The goblins go into a battle-frenzy!
You hear a bark!
You puncture the hobgoblin!
You kill the hobgoblin!
Trog accepts your kill. The goblin completely misses you. The rat misses you.
You barely miss the goblin. Robin throws the goblin at you!
The goblin hits you with a +0 club. The goblin closely misses you.
You puncture the goblin!
You kill the goblin!
Trog accepts your kill. The rat bites you but does no damage.
You closely miss the goblin.
Robin hits you from afar with a +0 spear.
The goblin misses you. The rat bites you.
You barely miss the goblin.
You are no longer berserk.
You are exhausted.
You feel yourself slow down. The goblin closely misses you. Robin misses you.
You closely miss the goblin. The goblin hits you with a +0 club.
* * * LOW HITPOINT WARNING * * *
The goblin hits you with a +0 dagger.
You die...

... .#
..#..#
####.#g.#
...rggg.#
#@# #g#
#.#
######
#.#
#....#
#.#
#.##.#
#.#
#.##.#
#.#
#..#.#
###.####
##.#.#
#.......


You could see Robin, 4 goblins and a rat.

Vanquished Creatures
  An adder (D:2)
  An endoplasm (D:2)
  A giant cockroach (D:1)
  5 goblins
  3 hobgoblins (D:2)
  3 jackals (D:2)
  A kobold (D:1)
  3 ball pythons
  2 bats
  A frilled lizard (D:2)
  3 rats (D:1)
24 creatures vanquished.

Notes
Turn   | Place    | Note
-------+----------+-------------------------------------------
     0 | D:1      | spiderkeys the Kobold Berserker began the quest for the
                  | Orb.
     0 | D:1      | Reached XP level 1. HP: 14/14 MP: 1/1
   682 | D:1      | Reached XP level 2. HP: 19/19 MP: 2/2
   844 | D:1      | Reached skill level 1 in Stealth
  1242 | D:2      | Reached XP level 3. HP: 23/23 MP: 3/3
  1376 | D:2      | Noticed Robin
  1392 | D:2      | Slain by a goblin

Illustrated notes

Levels and vault maps discovered:
D:1:      kilobyte_arrival_exit_the_forest, layout_basic
D:2:      layout_basic, uniq_robin

Skill      XL: |  1  2  3 |
---------------+----------+-----
Stealth        | 1 |  1.9
Dodging        | 3 |  3.0
Fighting       | |  3.7
Short Blades   | |  4.4
Armour         | |  1.5

Action                   || total
-------------------------++-------
Melee: Short sword       ||    60
Invok: Berserk           ||     2
 Stab: Sleeping          ||     8
Armor: Animal skin       ||     6
Dodge: Dodged            ||    49

Table legend: (Time is in decaauts)
 A = Elapsed time spent in this place.
 B = Non-inter-level travel time spent in this place.
 C = Inter-level travel time spent in this place.
 D = Time resting spent in this place.
 E = Time spent auto-exploring this place.
 F = Levels seen in this place.
 G = Mean time per level.
                   A        B        C        D        E       F      G
               +--------+--------+--------+--------+--------+-----+--------+
         Total |   1394 |   1361 |     33 |    230 |   1024 |   2 |  697.0 |
       Dungeon |   1394 |   1361 |     33 |    230 |   1024 |   2 |  697.0 |
               +--------+--------+--------+--------+--------+-----+--------+

Top non-repeatable levels by time:
     D:1: 942 daAuts
     D:2: 451 daAuts
